AoeStats
← KaLong

MegaRandom

508698870Analyzed
4v4 RM · 9d ago on Sep 23, 2026· 21m 24s· 8 players
Game mode
Random Map
Map size
Large (8 player)
Population
200
Speed
Normal
Resources
Standard
Victory
Conquest
Starting age
Dark Age
Ending age
Imperial Age
RankedLock teamsTeams togetherTeam positionsShared explorationLock speedFull tech treeHidden civsTurbo modeCheats
Victory
Defeat
1498
+16
🇦🇷 Bulgarians · Argentina
1492
+16
🇺🇾 Cumans · Uruguay
1464
+18
🇦🇷 Maya · Argentina
1452
+18
🇭🇺 Malay · Hungary
1523
-17
🇫🇮 Berbers · Finland
1516
-18
🇺🇸 Poles · United States
1486
-17
🇺🇸 Aztecs · United States
1468
-16
KaLong
7:23 Loom
9:43 Feudal Age
10:33 Double-Bit Axe
15:44 Scale Barding Armor
15:49 Forging
17:39 Scale Barding Armor
18:57 Horse Collar
19:59 Wheelbarrow
Jack Tyler
8:37 Loom
11:26 Feudal Age
21:04 Castle Age
TheGooseTransporter
7:34 Loom
10:03 Feudal Age
14:04 Fletching
16:43 Padded Archer Armor
18:59 Horse Collar
23:28 Castle Age
thaebS
6:43 Loom
12:01 Feudal Age
20:10 Castle Age
19:41 Scale Barding Armor
le ignacio
0:41 Loom
9:36 Feudal Age
13:27 Double-Bit Axe
14:38 Fletching
16:39 Padded Archer Armor
19:30 Horse Collar
AxD | Keiokenkun-Uno-Puro
6:10 Loom
9:42 Feudal Age
10:48 Double-Bit Axe
12:56 Fletching
23:47 Castle Age
El Kb
6:53 Loom
9:32 Feudal Age
10:30 Double-Bit Axe
10:49 Horse Collar
16:32 Scale Barding Armor
17:21 Forging
19:55 Wheelbarrow
19:40 Bloodlines
23:09 Castle Age
[GGnT] Nanito_Uy
6:15 Loom
9:13 Feudal Age
10:10 Double-Bit Axe
11:22 Horse Collar
19:40 Scale Barding Armor
Connection lost

Rejoining the realm…

Still unreachable

The connection could not be restored.

Session expired

The server has moved on; the page needs a fresh start.